 Dungeon Crawl Stone Soup version 0.27-a0-577-ge2a43ba0c9 (webtiles) character file.

Game seed: 12579946450268520727

1719 Demosthentine the Spear-Bearer (level 9, -3/69 HPs)
             Began as a Merfolk Gladiator on Mar 10, 2021.
             Was a Believer of the Shining One.
             Slain by a centaur (7 damage)
             ... on level 6 of the Dungeon.
             The game lasted 00:06:07 (7481 turns).

Demosthentine the Spear-Bearer (Merfolk Gladiator)  Turns: 7481, Time: 00:06:08

Health: -3/69      AC:  7    Str: 16    XL:     9   Next: 4%
Magic:  9/9        EV: 16    Int:  7    God:    the Shining One [**....]
Gold:   25         SH:  0    Dex: 17    Spells: 8/8 levels left

rFire    . . .     SeeInvis .   a - +0 trident
rCold    . . .     Faith    .   (no shield)
rNeg     + . .     Spirit   .   b - +0 leather armour
rPois    .         Reflect  .   c - +0 helmet
rElec    .         Harm     .   n - +0 cloak
rCorr    .         Rampage  .   (no gloves)
Will     .....                  f - +0 pair of boots
Stlth    +.........             (no amulet)
HPRegen  0.21/turn              (no ring)
MPRegen  0.11/turn              (no ring)

@: glowing
A: change form in water, amphibious, nimble swimmer 2
a: Renounce Religion, Divine Shield


You were on level 6 of the Dungeon.
You worshipped the Shining One.
The Shining One was pleased with you.
You visited 2 branches of the dungeon, and saw 7 of its levels.
You also visited: Sewer.

You collected 167 gold pieces.
You spent 142 gold pieces at shops.

Inventory:

Hand Weapons
 a - a +0 trident (weapon)
Missiles
 d - a throwing net (quivered)
Armour
 b - a +0 leather armour (worn)
 c - a +0 helmet (worn)
 f - a +0 pair of boots (worn)
 l - a +0 buckler
 n - a +0 cloak (worn)
Wands
 k - a wand of charming (9)
 m - a wand of flame (16)
Scrolls
 e - 4 scrolls of teleportation
 g - 3 scrolls of enchant armour
 h - a scroll of fog
 i - a scroll of amnesia
 o - a scroll of enchant weapon
 s - a scroll of magic mapping
 t - a scroll of identify
Potions
 j - 3 potions of heal wounds
 p - a potion of curing
 q - 2 potions of brilliance
 r - 5 potions of flight


   Skills:
 + Level 6.2 Fighting
 + Level 8.9 Polearms
 - Level 2.0 Throwing
 + Level 3.9 Armour
 + Level 8.1 Dodging
 + Level 2.7 Shields


You had 8 spell levels left.
You didn't know any spells.
Your spell library was empty.

Dungeon Overview and Level Annotations

Branches:
Dungeon (6/15)             Temple (1/1) D:4           Sewer (visited)

Altars:
Ashenzari
Cheibriados
Dithmenos
Elyvilon
Fedhas
Gozag
Kikubaaqudgha
Makhleb
Nemelex Xobeh
Qazlal
Ru
Sif Muna
Trog
Vehumet
Wu Jian
Xom
Yredelemnul
Zin
The Shining One

Shops:
D:6 ?


Innate Abilities, Weirdness & Mutations

You revert to your normal form in water.
You are amphibious.
You are quick and stealthy while swimming. (Stealth+, EV+, Speed+++)


Message History

Found a leather armour.
The centaur unwields a +0 shortbow.
The centaur closely misses you. The centaur hits you!
* * * LOW HITPOINT WARNING * * *
The centaur hits you but does no damage.
Unknown command.
You feel much better.
The centaur hits you but does no damage.
The centaur closely misses you. The centaur hits you.
You barely miss the centaur. The centaur misses you. The centaur hits you!
* * * LOW HITPOINT WARNING * * *
You hit the centaur.
The centaur is moderately wounded.
The centaur hits you!
* * * LOW HITPOINT WARNING * * *
The centaur misses you. The centaur completely misses you.
You barely miss the centaur.
The centaur is moderately wounded.
The centaur closely misses you. x2
You puncture the centaur!
The centaur is heavily wounded.
The centaur closely misses you. The centaur barely misses you.
The centaur closely misses you.
You puncture the centaur!
You kill the centaur!
The centaur misses you.
You have reached level 9!
Your experience leads to an increase in your attributes!
Increase (S)trength, (I)ntelligence, or (D)exterity?
You feel agile.
You hit the centaur but do no damage. The centaur misses you.
You hit the centaur but do no damage. The centaur hits you.
* * * LOW HITPOINT WARNING * * *
Throw: 2 throwing nets
Press: ? - help, Q - select action, (/) - cycle Shift-Dir - straight line, f - centaur
Aim: a centaur, quivering arrows (haloed, 90% to hit)
You throw a throwing net.
The throwing net barely misses the centaur.
The centaur completely misses you. The centaur hits you!
You die...

#...[..........
#(.............
#.............
#............
#...........#
#........#
#.c....# ###
#.@).# ###..####
##†### ##.......##
##.#####.........#
#..##...........#
##..#...........#
##.#...........#
##.#..........#
#..#.........#
##...........#


You could see a centaur.

Vanquished Creatures
  4 ogres
  2 centaurs
  A phantom (D:4)
  3 kobold brigands (Sewer)
  4 killer bees (D:6)
  2 bullfrog zombies
  2 hounds
  2 bullfrog skeletons (D:5)
  An orc priest (D:5)
  A jelly (D:6)
  4 iguanas
  2 orc wizards
  4 worker ants
  3 gnolls (D:3)
  6 adders
  2 shadow imps (D:5)
  2 white imps (D:5)
  2 oozes (Sewer)
  2 adder skeletons (D:4)
  An adder zombie (D:5)
  7 worms
  A dart slug (D:2)
  6 leopard geckos
  16 orcs
  5 giant cockroaches
  4 goblins
  7 hobgoblins
  6 jackals
  19 kobolds
  3 quokkas
  4 ball pythons
  9 bats
  4 frilled lizards
  8 rats
  A butterfly (D:4)
150 creatures vanquished.

Notes
Turn   | Place    | Note
-------+----------+-------------------------------------------
     0 | D:1      | Demosthentine the Merfolk Gladiator began the quest for the
                  | Orb.
     0 | D:1      | Reached XP level 1. HP: 16/16 MP: 1/1
   309 | D:1      | Reached XP level 2. HP: 23/23 MP: 2/2
  1145 | D:2      | Reached XP level 3. HP: 21/28 MP: 3/3
  1292 | D:2      | Found an opulent altar of Gozag.
  1483 | D:2      | Found an ornate altar of the Wu Jian Council.
  1729 | D:2      | Reached skill level 5 in Polearms
  1758 | D:2      | You fall into a shaft and drop 2 floors!
  1849 | D:4      | Found a staircase to the Ecumenical Temple.
  1881 | Temple   | Entered the Ecumenical Temple
  2324 | Temple   | Became a worshipper of the Shining One
  2386 | D:3      | Reached skill level 1 in Armour
  2577 | D:3      | Reached XP level 4. HP: 26/35 MP: 4/4
  2893 | D:3      | Reached skill level 5 in Dodging
  2893 | D:3      | Reached XP level 5. HP: 17/41 MP: 5/5
  4072 | D:3      | Reached XP level 6. HP: 12/48 MP: 6/6
  4421 | D:3      | Found a sacrificial altar of Ru.
  4546 | D:3      | Found a shimmering blue altar of Sif Muna.
  5230 | D:4      | Found a shimmering altar of Xom.
  5260 | D:4      | Reached XP level 7. HP: 52/55 MP: 7/7
  5512 | D:4      | Found a glowing silver altar of Zin.
  6163 | D:5      | Entered Level 5 of the Dungeon
  6172 | D:5      | Reached skill level 5 in Fighting
  6175 | D:5      | Reached * piety under the Shining One
  6281 | D:5      | Reached XP level 8. HP: 55/62 MP: 8/8
  6436 | D:5      | Found a glowing drain.
  6454 | Sewer    | Entered a sewer
  6671 | Sewer    | Reached skill level 1 in Shields
  7095 | D:5      | Reached ** piety under the Shining One
  7312 | D:5      | Found a snail-covered altar of Cheibriados.
  7391 | D:6      | Found Acsiyl's Magic Scroll Boutique.
  7415 | D:6      | Bought a scroll of enchant weapon for 112 gold pieces
  7415 | D:6      | Bought a scroll of identify for 30 gold pieces
  7466 | D:6      | The Shining One protects you from harm!
  7479 | D:6      | Reached XP level 9. HP: 9/69 MP: 9/9
  7481 | D:6      | Slain by a centaur

Illustrated notes

Levels and vault maps discovered:
D:1:      dpeg_arrival_lava_altar, layout_basic, serial_bayou_pond_d,
          chequers_serial_rivers_small_a
D:2:      layout_loops_corners, old_standard_altar, grunt_gozag_breadcrumbs,
          grunt_ministairs_6
D:3:      layout_basic, nicolae_sif_muna_condensation,
          nicolae_ru_sacrificial_ziggurat
D:4:      layout_basic, xom_teletrap_fun, zin_scriptorium,
          minmay_temple_entry_butterflies
D:5:      layout_loops_ring, kennysheep_mini_moat, cheibrodos_sewer_entry_drain
D:6:      layout_cave_pods, serial_shops, shop
Temple:   minmay_temple_forest_path

Skill      XL: |  1  2  3  4  5  6  7  8 |
---------------+-------------------------+-----
Polearms       | 5 6 7 8 |  8.9
Armour         | 1 2 3 |  3.9
Fighting       | 3 4 5 6 |  6.2
Dodging        | 5 6 8 |  8.1
Shields        | 2 |  2.7
Throwing       | |  2.0

Action                   |  1- 3 |  4- 6 |  7- 9 || total
-------------------------+-------+-------+-------++-------
Melee: Trident           |   129 |   221 |   313 ||   663
       Tailslap          |       |       |     3 ||     3
Throw: Throwing net      |       |     1 |     1 ||     2
  Use: Scroll            |     2 |     4 |     5 ||    11
       Potion            |       |       |     6 ||     6
 Stab: Sleeping          |     3 |       |       ||     3
Armor: Leather armour    |    36 |    51 |    45 ||   132
Dodge: Dodged            |    94 |   176 |   209 ||   479

Table legend: (Time is in decaauts)
 A = Elapsed time spent in this place.
 B = Non-inter-level travel time spent in this place.
 C = Inter-level travel time spent in this place.
 D = Time resting spent in this place.
 E = Time spent auto-exploring this place.
 F = Levels seen in this place.
 G = Mean time per level.
                   A        B        C        D        E       F      G
               +--------+--------+--------+--------+--------+-----+--------+
         Total |   7428 |   7249 |    179 |    978 |   5019 |   8 |  928.5 |
       Dungeon |   6563 |   6406 |    157 |    978 |   4317 |   6 | 1093.8 |
        Temple |    468 |    446 |     22 |      0 |    425 |   1 |  468.0 |
         Sewer |    395 |    395 |      0 |      0 |    276 |   1 |  395.0 |
               +--------+--------+--------+--------+--------+-----+--------+

Top non-repeatable levels by time:
     D:3: 2077 daAuts
     D:2: 1333 daAuts
     D:4: 1171 daAuts
     D:1: 1110 daAuts
     D:5: 780 daAuts
  Temple: 468 daAuts
   Sewer: 395 daAuts
     D:6: 90 daAuts
